 Dungeon Sprint DCSS version 0.30-a0-715-gdb4ae3ece1 (webtiles) character file.

Game seed: 15957959176983592681

312 mhtbhm the Fighter (level 6, -2/46 HPs)
             Began as a Kobold Berserker on Jan 24, 2023.
             Was an Elder of Trog.
             Slain by an orc warrior
             ... wielding a +0 halberd
              (19 damage)
             ... in the Dungeon (Sprint IX: "|||||||||||||||||||||||||||||").
             The game lasted 00:00:42 (231 turns).

mhtbhm the Fighter (Kobold Berserker)                Turns: 231, Time: 00:00:43

Health: -2/46      AC:  4    Str: 17    XL:     6   Next: 71%
Magic:  6/6        EV: 19    Int:  8    God:    Trog [****..]
Gold:   0          SH:  0    Dex: 20    Spells: 5/5 levels left

rFire   . . .      SeeInvis .    a - +0 mace
rCold   . . .      Faith    .    (no shield)
rNeg    . . .      Spirit   .    b - +0 animal skin
rPois   .          Reflect  .    l - +0 helmet
rElec   .          Harm     .    (no cloak)
rCorr   .          Rampage  .    (no gloves)
Will    .....      NoTele   +    k - +0 pair of boots
Stlth   +++                      (no amulet)
HPRegen 0.27/turn                m - +3 ring of dexterity
MPRegen 0.10/turn                n - +3 ring of dexterity

@: on berserk cooldown, hasted and slowed
A: small, no large weapons, nightstalker 3
a: Renounce Religion, Berserk, Trog's Hand, Brothers in Arms


You were in the Dungeon.
You worshipped Trog.
Trog was greatly pleased with you.
You visited 1 branch

Inventory:

Hand Weapons
 a - a +0 mace (weapon)
Armour
 b - a +0 animal skin (worn)
 k - a +0 pair of boots (worn)
 l - a +0 helmet (worn)
Jewellery
 m - a +3 ring of dexterity (left hand)
 n - a +3 ring of dexterity (right hand)
Wands
 j - a wand of roots (10)
Scrolls
 h - 2 scrolls of blinking
Potions
 c - 5 potions of curing
 d - 2 potions of heal wounds
 f - 4 potions of magic
 g - a potion of berserk rage
 i - a potion of invisibility


   Skills:
 + Level 9.1 Fighting
 + Level 8.3 Maces & Flails
 + Level 3.3 Armour
 + Level 6.3 Dodging
 + Level 1.5 Stealth


You had 5 spell levels left.
You didn't know any spells.
Your spell library was empty.

Dungeon Overview and Level Annotations

Branches:
Dungeon (1/1)

Altars:
Cheibriados
Dithmenos
Elyvilon
Fedhas
Gozag
Hepliaklqana
Kikubaaqudgha
Makhleb
Nemelex Xobeh
Okawaru
Qazlal
Ru
Sif Muna
Trog
Uskayaw
Vehumet
Wu Jian
Xom
Yredelemnul
Zin
The Shining One
Jiyva
Lugonu


Innate Abilities, Weirdness & Mutations

You are small and have problems with some larger weapons.
You are completely attuned to the shadows.


Message History

You closely miss the wraith.
The wraith is almost destroyed.
The wraith misses you.
You barely miss the wraith.
The wraith is almost destroyed.
The wraith hits you. The wraith drains your vigour!
You feel as though you will be slow longer.
You hit the wraith but do no damage.
The wraith is almost destroyed.
The wraith barely misses you.
You hit the wraith.
You destroy the wraith!
Trog accepts your kill.
You can now call in reinforcements.
Your Fighting skill gained 2 levels and is now at level 9!
Your Maces & Flails skill gained 2 levels and is now at level 8!
Your Armour skill increases to level 3!
Your Dodging skill increases to level 6!
Your Stealth skill increases to level 1!
You have reached level 6!
You hit the orc warrior.
The orc warrior is lightly wounded.
The orc warrior hits you with a +0 mace of protection.
The orc warrior barely misses you.
A komodo dragon comes into view.
The komodo dragon hisses angrily.
You hit the orc warrior.
The orc warrior is lightly wounded.
The orc warrior hits you with a +0 mace of protection.
The orc warrior misses you.
You sock the orc warrior!
The orc warrior is heavily wounded.
The orc warrior closely misses you. The orc warrior completely misses you.
You sock the orc warrior!
The orc warrior is severely wounded.
You are no longer berserk.
You are exhausted.
You feel as though you will be slow longer.
The orc warrior hits you with a +0 mace of protection!
The orc warrior hits you from afar with a +0 halberd!!
You die... ▓▓▓▓▓▓▓▓▓▓▓▓▓▓▓▓▓▓▓▓▓ ______'.?)...[..@oool ▓▓▓▓▓▓▓▓▓▓▓▓▓▓▓▓▓▓▓▓▓

You could see a komodo dragon, 2 orc warriors and an orc wizard.

Vanquished Creatures
  A wraith (D)
  A scorpion (D)
  A hound (D)
  An iguana (D)
  An orc wizard (D)
  A white imp (D)
  2 giant cockroaches (D)
  A goblin (D)
  A hobgoblin (D)
  A frilled lizard (D)
11 creatures vanquished.

Notes
Turn   | Place    | Note
-------+----------+-------------------------------------------
     0 | D        | mhtbhm the Kobold Berserker began the quest for the Orb.
     0 | D        | Reached XP level 1. HP: 14/14 MP: 1/1
    11 | D        | Reached ** piety under Trog
    14 | D        | Reached skill level 4 in Fighting
    15 | D        | Reached XP level 2. HP: 20/20 MP: 2/2
    51 | D        | Noticed a scorpion
    55 | D        | Reached skill level 5 in Fighting
    55 | D        | Reached XP level 3. HP: 26/26 MP: 3/3
    58 | D        | Reached *** piety under Trog
    59 | D        | Reached skill level 6 in Fighting
    59 | D        | Reached skill level 5 in Maces & Flails
    59 | D        | Reached XP level 4. HP: 25/32 MP: 4/4
    64 | D        | Killed a scorpion
    65 | D        | Reached skill level 7 in Fighting
    65 | D        | Reached XP level 5. HP: 28/38 MP: 5/5
    68 | D        | Reached skill level 5 in Dodging
   147 | D        | Found a snail-covered altar of Cheibriados.
   147 | D        | Found a shadowy altar of Dithmenos.
   148 | D        | Found a white marble altar of Elyvilon.
   149 | D        | Found a blossoming altar of Fedhas.
   150 | D        | Found an opulent altar of Gozag.
   151 | D        | Found a hazy altar of Hepliaklqana.
   152 | D        | Found a viscous altar of Jiyva.
   153 | D        | Found an ancient bone altar of Kikubaaqudgha.
   154 | D        | Found a corrupted altar of Lugonu.
   155 | D        | Found a burning altar of Makhleb.
   156 | D        | Found a sparkling altar of Nemelex Xobeh.
   157 | D        | Found an iron altar of Okawaru.
   158 | D        | Found a stormy altar of Qazlal.
   159 | D        | Found a sacrificial altar of Ru.
   160 | D        | Found a shimmering blue altar of Sif Muna.
   161 | D        | Found a bloodstained altar of Trog.
   162 | D        | Found a hide-covered altar of Uskayaw.
   163 | D        | Found a radiant altar of Vehumet.
   164 | D        | Found an ornate altar of the Wu Jian Council.
   165 | D        | Found a shimmering altar of Xom.
   166 | D        | Found a basalt altar of Yredelemnul.
   167 | D        | Found a glowing silver altar of Zin.
   168 | D        | Found a glowing golden altar of the Shining One.
   210 | D        | Noticed a wraith
   210 | D        | Noticed an orc warrior
   210 | D        | Noticed an orc warrior
   227 | D        | Killed a wraith
   227 | D        | Reached **** piety under Trog
   228 | D        | Reached skill level 9 in Fighting
   228 | D        | Reached skill level 1 in Stealth
   228 | D        | Reached XP level 6. HP: 45/46 MP: 6/6
   228 | D        | Noticed a komodo dragon
   231 | D        | Slain by an orc warrior

Illustrated notes

Levels and vault maps discovered:
D:        linesprint [early_d, line_temple, items_1, d_10, items_2, lair_1,
          lair_end, items_3, orc_1, orc_end, items_4, d_15, swamp_1, shoals_1,
          snake_1, spider_1, d_20, vaults_1, items_5, swamp_end, shoals_end,
          snake_end, spider_end, vaults_end, d_27, items_6, zot_1, zot_end,
          crypt_end, forest_end, elf_end, slime_end, tomb_end, abyss_end,
          pan_hell_end]

Skill      XL: |  1  2  3  4  5 |
---------------+----------------+-----
Maces & Flails | 3 4 5 6 8 |  8.3
Fighting       | 4 5 6 7 9 |  9.1
Armour         | 2 3 |  3.3
Dodging        | 3 4 6 |  6.3
Stealth        | 1 |  1.5

Action                     |  1- 3 |  4- 6 || total
---------------------------+-------+-------++-------
  Melee: Mace              |    15 |    26 ||    41
 Invoke: Berserk           |     2 |     1 ||     3
    Use: Potion            |       |     2 ||     2
 Armour: Animal skin       |       |     2 ||     2
  Dodge: Dodged            |     4 |    16 ||    20

Table legend: (Time is in decaauts)
 A = Elapsed time spent in this place.
 B = Non-inter-level travel time spent in this place.
 C = Inter-level travel time spent in this place.
 D = Time resting spent in this place.
 E = Time spent auto-exploring this place.
 F = Levels seen in this place.
 G = Mean time per level.
                   A        B        C        D        E       F      G
               +--------+--------+--------+--------+--------+-----+--------+
         Total |    245 |    245 |      0 |    121 |      3 |   1 |  245.0 |
       Dungeon |    245 |    245 |      0 |    121 |      3 |   1 |  245.0 |
               +--------+--------+--------+--------+--------+-----+--------+

Top non-repeatable levels by time:
       D: 245 daAuts
